 Dungeon Crawl Stone Soup version 0.31-a0-232-gb1c03b2570 (webtiles) character file.

Game seed: 13933750566779838976

1656 qw the Skirmisher (level 8, -3/70 HPs)
             Began as a Minotaur Hexslinger on July 7, 2023.
             Slain by a killer bee (4 damage)
             ... on level 7 of the Dungeon.
             The game lasted 00:02:17 (5681 turns).

qw the Skirmisher (Minotaur Hexslinger)             Turns: 5681, Time: 00:02:17

Health: -3/70      AC: 11    Str: 13    XL:     8   Next: 68%
Magic:  17/17      EV: 11    Int: 10    God:
Gold:   253        SH:  0    Dex: 15    Spells: 8/9 levels left

rFire   + . .        Y - +0 longbow
rCold   . . .        (shield currently unavailable)
rNeg    + . .        a - +2 ring mail {rC+}
rPois   .            (helmet restricted)
rElec   .            (no cloak)
rCorr   .            j - +1 pair of gloves
SInv    .            m - +0 pair of boots
Will    .....        (no amulet)
Stlth   +            p - ring of Fun {Fire rN+ MP+9}
HPRegen 0.31/turn    (no ring)
MPRegen 0.15/turn

%: no passive effects
@: lethally poisoned (-3 -> -5), about to teleport
A: horns 2, retaliatory headbutt
a: no special abilities


You were on level 7 of the Dungeon.
You visited 1 branch of the dungeon, and saw 7 of its levels.

You collected 323 gold pieces.
You spent 70 gold pieces at shops.


Innate Abilities, Weirdness & Mutations

You have a pair of horns on your head.
You reflexively headbutt those who attack you in melee.


   Skills:
 + Level 6.0 Fighting
 - Level 10.2 Ranged Weapons
 - Level 3.2 Armour
 - Level 3.3 Dodging
 - Level 1.0 Spellcasting
 - Level 2.0 Hexes


You had 8 spell levels left.
You knew the following spells:

 Your Spells              Type           Power      Damage    Failure   Level
a - Slow                  Hex            16%        N/A       30%         1

Your spell library contained the following spells:

 Spells                   Type           Power      Damage    Failure   Level
 Inner Flame              Hex/Fire       3%         N/A       80%         3
 Portal Projectile        Hex/Tloc       4%         N/A       80%         3
 Cause Fear               Hex            2%         N/A       97%         4

Inventory:

Hand Weapons
 Y - a +0 longbow (weapon)
Armour
 a - a +2 ring mail of cold resistance (worn)
 j - a +1 pair of gloves (worn)
 m - a +0 pair of boots (worn)
Jewellery
 p - the ring of Fun (left hand) {Fire rN+ MP+9}
   (You found it on level 6 of the Dungeon)

   [ring of fire]

   It enhances your fire magic.
   rF:        It protects you from fire.
   rC:        It makes you vulnerable to cold.
   rN:        It protects you from negative energy.
   MP:        It affects your magic capacity (+9).
Scrolls
 b - a scroll of identify
 k - 4 scrolls of teleportation
Potions
 c - a potion of curing {unknown}
 d - a potion of invisibility {unknown}
 e - 4 potions of enlightenment
 h - a potion of might {unknown}
 l - a potion of brilliance {unknown}
 n - a potion of berserk rage {unknown}
 o - a potion of attraction {unknown}
 q - a potion of heal wounds {unknown}

Dungeon Overview and Level Annotations

Branches:
Dungeon (7/15)
 Temple: D:4-7

Altars:
Vehumet

Shops:
D:4 !

Annotations:
D:2 1 runed translucent door, Crazy Yiuf


Message History

You shoot an arrow. The arrow hits the ogre!
You kill the ogre!
A killer bee comes into view. x2
Your Armour skill increases to level 3!
You shoot an arrow. The arrow closely misses the wyvern.
The wyvern barely misses you. The wyvern bites you!
A killer bee comes into view.
You shoot an arrow. The arrow hits the wyvern.
The wyvern is lightly wounded.
The wyvern misses you.
A killer bee comes into view.
The wyvern bites you!
The killer bee stings you but does no damage.
You shoot an arrow. The arrow barely misses the wyvern.
The killer bee stings you but does no damage.
The wyvern bites you. The killer bee barely misses you. x2
You furiously retaliate!
You headbutt the killer bee. The wyvern closely misses you.
You shoot an arrow. The arrow misses the killer bee.
The killer bee stings you but does no damage.
The killer bee stings you. The wyvern bites you.
The killer bee closely misses you. You furiously retaliate!
You headbutt the killer bee. The wyvern bites you! The killer bee stings you.
You are poisoned.
The killer bee poisons you! The killer bee stings you.
5680 ||| READING 5 scrolls of teleportation.
As you read the scroll of teleportation, it crumbles to dust.
You feel strangely unstable.
You feel sick.
The killer bee stings you but does no damage. x2
The killer bee barely misses you. The wyvern misses you.
The killer bee barely misses you. The killer bee stings you.
The killer bee stings you but does no damage. x2
You shoot an arrow. The arrow barely misses the killer bee.
The sentinel's mark upon you fades away.
You feel sick.
The killer bee stings you. x2; The killer bee misses you.
The killer bee stings you. The wyvern closely misses you.
The killer bee stings you but does no damage.
The killer bee barely misses you. The killer bee stings you.
You die...

.P P#+## ##...##
##.....##
##.......##
#.........#
+.........+
#.....y@y)#
##....yly#..... #.
##.....## .## ...
##...## #.# ##'##
#.# #.#
##.#########.#
##...#.......<##
##......#####...##


You could see a wyvern and 4 killer bees.

Vanquished Creatures
  Grinder (D:3)
  2 ice beasts
  A sky beast (D:6)
  An ogre (D:7)
  A phantom (D:5)
  A bullfrog (D:6)
  A kobold brigand (D:6)
  A howler monkey (D:5)
  4 hounds
  2 jellies (D:6)
  2 orc priests (D:3)
  A sleepcap (D:6)
  Natasha (thrice) (D:2)
  4 iguanas
  4 orc wizards
  11 adders
  10 gnolls
  2 white imps
  2 worms
  2 dart slugs
  15 orcs
  6 endoplasms
  2 giant cockroaches
  9 goblins
  7 hobgoblins
  4 jackals (D:2)
  12 kobolds
  4 quokkas
  6 ball pythons
  6 bats
  3 frilled lizards
  7 rats
137 creatures vanquished.

Notes
Turn   | Place    | Note
-------+----------+-------------------------------------------
     0 | D:1      | qw the Minotaur Hexslinger began the quest for the Orb.
     0 | D:1      | Reached XP level 1. HP: 16/16 MP: 1/1
     0 | D:1      | 0 ||| qw: Version: 0.3-a-46-gb1f654a
     0 | D:1      | 0 ||| qw: Game counter: 2197
     0 | D:1      | 0 ||| qw: Melee chars always use a shield: true
     0 | D:1      | 0 ||| qw: God list: Okawaru
     0 | D:1      | 0 ||| qw: Allow faded altars: false
     0 | D:1      | 0 ||| qw: Do Orc after clearing Dungeon:15 true
     0 | D:1      | 0 ||| qw: Do second Lair branch before Depths: true
     0 | D:1      | 0 ||| qw: Lair rune preference: random
     0 | D:1      | 0 ||| qw: Goals: Normal
     0 | D:1      | 0 ||| PLANNING D:1-11
   332 | D:1      | Reached skill level 3 in Ranged Weapons
   332 | D:1      | Reached XP level 2. HP: 23/23 MP: 2/2
   757 | D:1      | 757 ||| UPGRADING to +0 ring mail.
   767 | D:1      | 767 ||| DROPPING +0 robe.
   768 | D:1      | 768 ||| UPGRADING to +0 pair of boots.
   773 | D:1      | 773 ||| DROPPING ring of magical power.
   774 | D:1      | 774 ||| READING scroll labelled NIACIUSITRA.
   775 | D:1      | 775 ||| READING 2 scrolls labelled LOARAO YDAX.
   776 | D:1      | 776 ||| READING scroll labelled INENIFO GYINEUMP.
   777 | D:1      | 777 ||| READING scroll labelled ROMEMO ESUIDU.
   778 | D:1      | 778 ||| READING 2 scrolls labelled UZXUXZ VEHUFELUIPP.
   781 | D:1      | 781 ||| READING scroll labelled PUPEAR RYASE.
   782 | D:1      | 782 ||| READING scroll labelled HIATSECAQOASE.
   783 | D:1      | 783 ||| DROPPING scroll of poison.
   784 | D:1      | 784 ||| DROPPING scroll of fog.
   814 | D:2      | 814 ||| STAIRDANCE
   817 | D:1      | Reached XP level 3. HP: 20/29 MP: 3/3
   859 | D:2      | 859 ||| STAIRDANCE
   962 | D:2      | Found a runed translucent door.
   963 | D:2      | Noticed Crazy Yiuf
   990 | D:2      | Reached skill level 4 in Ranged Weapons
  1009 | D:2      | Identified the +8 whip "Heideycs" {venom, rPois rF- rC+
                  | rCorr}
  1098 | D:2      | Noticed Natasha
  1102 | D:2      | Killed Natasha
  1103 | D:2      | Reached XP level 4. HP: 32/36 MP: 4/4
  1228 | D:2      | Noticed Natasha
  1233 | D:2      | Killed Natasha
  1243 | D:2      | Noticed Natasha
  1248 | D:2      | Killed Natasha
  1284 | D:2      | Found a faded altar of an unknown god.
  1445 | D:2      | Reached skill level 5 in Ranged Weapons
  1445 | D:2      | Reached XP level 5. HP: 41/41 MP: 5/5
  1477 | D:2      | You fall into a shaft and drop 1 floor!
  1505 | D:3      | 1505 ||| UPGRADING to +0 pair of gloves.
  1510 | D:3      | 1510 ||| READING scroll labelled KAPSINTEB LEOTIDO.
  1582 | D:3      | 1582 ||| READING scroll labelled CAILASMOVI.
  1583 | D:3      | 1583 ||| READING scroll labelled YWNIZX QU PAUT.
  1868 | D:3      | Reached skill level 3 in Fighting
  2065 | D:3      | Noticed Grinder
  2071 | D:3      | 2071 ||| FLEEEEING.
  2072 | D:3      | 2072 ||| FLEEEEING.
  2073 | D:3      | 2073 ||| FLEEEEING.
  2079 | D:3      | 2079 ||| FLEEEEING.
  2080 | D:3      | 2080 ||| FLEEEEING.
  2081 | D:3      | 2081 ||| FLEEEEING.
  2082 | D:3      | 2082 ||| FLEEEEING.
  2083 | D:3      | 2083 ||| FLEEEEING.
  2084 | D:3      | 2084 ||| FLEEEEING.
  2085 | D:3      | 2085 ||| FLEEEEING.
  2086 | D:3      | 2086 ||| FLEEEEING.
  2102 | D:3      | Killed Grinder
  2103 | D:3      | Reached skill level 6 in Ranged Weapons
  2103 | D:3      | Reached XP level 6. HP: 15/51 MP: 6/6
  2486 | D:3      | 2486 ||| Stepping ~*~*~tactically~*~*~ (outnumbered).
  2488 | D:3      | 2488 ||| Stepping ~*~*~tactically~*~*~ (outnumbered).
  2509 | D:3      | HP: 6/52 [orc priest/divine providence (14)]
  2510 | D:3      | 2510 ||| READING 5 scrolls of teleportation.
  2698 | D:3      | 2698 ||| FLEEEEING.
  2699 | D:3      | 2699 ||| FLEEEEING.
  2700 | D:3      | 2700 ||| FLEEEEING.
  2701 | D:3      | 2701 ||| FLEEEEING.
  2702 | D:3      | 2702 ||| FLEEEEING.
  2703 | D:3      | 2703 ||| FLEEEEING.
  2704 | D:3      | 2704 ||| FLEEEEING.
  2705 | D:3      | 2705 ||| FLEEEEING.
  2706 | D:3      | 2706 ||| FLEEEEING.
  2707 | D:3      | 2707 ||| FLEEEEING.
  2708 | D:3      | 2708 ||| FLEEEEING.
  2709 | D:3      | 2709 ||| FLEEEEING.
  2710 | D:3      | 2710 ||| FLEEEEING.
  2711 | D:3      | 2711 ||| FLEEEEING.
  2712 | D:3      | 2712 ||| FLEEEEING.
  2849 | D:3      | Reached skill level 7 in Ranged Weapons
  3047 | D:3      | 3047 ||| UPGRADING to +2 robe of positive energy.
  3057 | D:3      | 3057 ||| DROPPING +0 ring mail.
  3105 | D:4      | Reached XP level 7. HP: 54/59 MP: 7/7
  3105 | D:4      | 3105 ||| Stepping ~*~*~tactically~*~*~ (outnumbered).
  3215 | D:4      | Identified the +0 plate armour of Day {Harm rF+ Will+}
  3572 | D:4      | 3572 ||| READING scroll of enchant armour.
  3572 | D:4      | 3572 ||| ENCHANTING +0 pair of gloves.
  3670 | D:4      | Reached skill level 8 in Ranged Weapons
  3768 | D:4      | Found Kab Ogo's Distillery.
  3774 | D:4      | 3774 ||| SHOPLISTING 2 potions of mutation (224 gold, have
                  | 156).
  3774 | D:4      | 3774 ||| BUYING potion of enlightenment (70 gold).
  3774 | D:4      | Bought a potion of enlightenment for 70 gold pieces
  3774 | D:4      | 3774 ||| SHOPLISTING potion of haste (140 gold, have 86).
  3774 | D:4      | 3774 ||| SHOPLISTING potion of mutation (112 gold, have
                  | 86).
  3792 | D:4      | 3792 ||| READING scroll labelled MYIJEUHIORU.
  3893 | D:4      | 3893 ||| DRINKING 2 black potions.
  3894 | D:4      | 3894 ||| DROPPING potion of degeneration.
  3922 | D:5      | Entered Level 5 of the Dungeon
  3951 | D:5      | HP: 8/61 [iguana (11)]
  3952 | D:5      | 3952 ||| READING 4 scrolls of teleportation.
  4282 | D:5      | Found a radiant altar of Vehumet.
  4363 | D:5      | 4363 ||| SWAPPING to +0 orcbow.
  4364 | D:5      | 4364 ||| DROPPING +1 sling.
  4383 | D:5      | 4383 ||| SWAPPING to +0 longbow.
  4384 | D:5      | 4384 ||| DROPPING +0 orcbow.
  4426 | D:5      | Reached XP level 8. HP: 69/69 MP: 8/8
  4851 | D:5      | 4851 ||| DRINKING 2 fizzy grey potions.
  4892 | D:5      | 4892 ||| READING 2 scrolls of identify.
  4892 | D:5      | 4892 ||| IDENTIFYING fuming red potion
  4893 | D:5      | 4893 ||| DROPPING potion of ambrosia.
  4894 | D:5      | 4894 ||| DROPPING potion of lignification.
  4949 | D:6      | Reached skill level 3 in Dodging
  4975 | D:6      | Reached skill level 9 in Ranged Weapons
  4979 | D:6      | 4979 ||| FLEEEEING.
  5156 | D:6      | Reached skill level 6 in Fighting
  5191 | D:6      | 5191 ||| FLEEEEING.
  5192 | D:6      | 5192 ||| FLEEEEING.
  5193 | D:6      | 5193 ||| FLEEEEING.
  5196 | D:6      | 5196 ||| FLEEEEING.
  5197 | D:6      | 5197 ||| FLEEEEING.
  5198 | D:6      | 5198 ||| FLEEEEING.
  5199 | D:6      | 5199 ||| FLEEEEING.
  5200 | D:6      | 5200 ||| FLEEEEING.
  5201 | D:6      | 5201 ||| FLEEEEING.
  5202 | D:6      | 5202 ||| FLEEEEING.
  5203 | D:6      | 5203 ||| FLEEEEING.
  5204 | D:6      | 5204 ||| FLEEEEING.
  5205 | D:6      | 5205 ||| FLEEEEING.
  5206 | D:6      | 5206 ||| FLEEEEING.
  5207 | D:6      | 5207 ||| FLEEEEING.
  5208 | D:6      | 5208 ||| FLEEEEING.
  5209 | D:6      | 5209 ||| FLEEEEING.
  5210 | D:6      | 5210 ||| FLEEEEING.
  5211 | D:6      | 5211 ||| FLEEEEING.
  5310 | D:6      | Identified the ring of Fun {Fire rN+ MP+9}
  5410 | D:6      | Reached skill level 10 in Ranged Weapons
  5562 | D:6      | 5562 ||| UPGRADING to +2 ring mail of cold resistance.
  5572 | D:6      | 5572 ||| DROPPING +2 robe of positive energy.
  5573 | D:6      | 5573 ||| UPGRADING to ring of Fun {Fire rN+ MP+9}.
  5634 | D:6      | 5634 ||| READING scroll labelled NELIYNO YSULL.
  5676 | D:7      | Reached skill level 3 in Armour
  5679 | D:7      | HP: 16/70 [killer bee (5)]
  5680 | D:7      | 5680 ||| READING 5 scrolls of teleportation.
  5681 | D:7      | HP: 7/70 [killer bee (3)]
  5681 | D:7      | HP: 1/70 [killer bee (5)]
  5681 | D:7      | Slain by a killer bee

Levels and vault maps discovered:
D:1:      dpeg_arrival_refuge, layout_basic, interstate_on_off,
          serial_park_tiny_pond, serial_bayou_ford_a
D:2:      layout_loops_cross, chequers_ecumenical_altar_simple_redux,
          uniq_crazy_yiuf_cottage, uniq_natasha
D:3:      layout_loops_ring, serial_forest, infiniplex_forest_straight_4,
          infiniplex_forest_clump_tiny, infiniplex_forest_end_1,
          infiniplex_forest_clump_curved, mrwooster_statue_mirror, uniq_grinder
D:4:      layout_rooms, serial_aquarium, aquarium_bridge_long_joined
          [aquarium_subvault_wall, aquarium_subvault_window,
          aquarium_subvault_window, aquarium_subvault_bridge,
          aquarium_subvault_bridge, aquarium_subvault_bridge],
          aquarium_window_fake, aquarium_window_2, aquarium_window_fake,
          aquarium_view_2f, aquarium_pool_side, serial_shops, shop
D:5:      layout_loops_ring, vehumet_altar_wand_db, supply_closet_lemuel
D:6:      layout_rooms, grunt_ministairs_10
D:7:      layout_loops_corners, mainiacjoe_overflow_chevrons,
          nicolae_hepliaklqana_monster_ancestors, grunt_gozag_statues,
          minmay_temple_entry_sparse_star, minmay_hedge_maze,
          reono_crystal_passage, nicolae_shop_i_like_big_books,
          dilly_guarded_unrand_morg

Skill      XL: |  1  2  3  4  5  6  7  8 |
---------------+-------------------------+-----
Ranged Weapons | 3 4 5 6 7 8 10 | 10.2
Fighting       | 2 3 4 5 6 |  6.0
Armour         | 2 3 |  3.2
Dodging        | 3 |  3.3
Spellcasting   | |  1.0
Hexes          | |  2.0

Action                     |  1- 3 |  4- 6 |  7- 9 || total
---------------------------+-------+-------+-------++-------
   Fire: Sling             |    72 |   177 |   137 ||   386
         Longbow           |       |       |   125 ||   125
    Use: Scroll            |     7 |     4 |     6 ||    17
         Potion            |       |       |     2 ||     2
 Armour: Ring mail         |    10 |    40 |     8 ||    58
         Robe              |       |       |    55 ||    55
  Dodge: Dodged            |    28 |    56 |    96 ||   180

Table legend:
 A = Non-vault XP
 B = Vault XP
 C = Vault XP percentage of total XP
 D = Non-vault monster count
 E = Vault monster count
 F = Vault count percentage of total count
                 A         B        C        D         E       F
            +---------+---------+-------+---------+---------+-------
      Total |    1954 |     412 |  17.4 |     132 |       5 |   3.6
            +---------+---------+-------+---------+---------+-------
        D:1 |      45 |       0 |   0.0 |      13 |       0 |   0.0
        D:2 |     125 |      36 |  22.4 |      27 |       1 |   3.6
        D:3 |     199 |     290 |  59.3 |      29 |       1 |   3.3
        D:4 |     278 |       0 |   0.0 |      20 |       0 |   0.0
        D:5 |     465 |       2 |   0.4 |      15 |       1 |   6.2
        D:6 |     724 |      84 |  10.4 |      27 |       2 |   6.9
        D:7 |     118 |       0 |   0.0 |       1 |       0 |   0.0
            +---------+---------+-------+---------+---------+-------
